 Dungeon Crawl Stone Soup version 0.31-a0-516-gfcb59812bd (webtiles) character file.

Game seed: 3549865688120066170

9 GordonOverkill the Sneak (level 2, -1/16 HPs)
             Began as a Vine Stalker Delver on Aug 10, 2023.
             Slain by a hound (3 damage)
             ... on level 5 of the Dungeon.
             The game lasted 00:01:17 (184 turns).

GordonOverkill the Sneak (Vine Stalker Delver)       Turns: 184, Time: 00:01:17

Health: -1/16      AC:  3    Str: 14    XL:     2   Next: 12%
Magic:  0/3        EV: 11    Int: 10    God:
Gold:   0          SH:  0    Dex: 15    Spells: 1/1 levels left

rFire   . . .        a - +0 short sword
rCold   . . .        (no shield)
rNeg    . . .        b - +0 leather armour
rPois   .            (no helmet)
rElec   .            (no cloak)
rCorr   .            (no gloves)
SInv    .            (no boots)
Will    .....        (no amulet)
Stlth   +++          (no ring)
HPRegen 0.22/turn    (no ring)
MPRegen 0.08/turn

%: guardian spirit
@: no status effects
A: fangs 2, magic shield, antimagic bite, no potion heal 2
a: no special abilities


You were on level 5 of the Dungeon.
You visited 1 branch of the dungeon, and saw 2 of its levels.

Inventory:

Hand Weapons
 a - a +0 short sword (weapon)
Armour
 b - a +0 leather armour (worn)
Wands
 g - a wand of digging (3)
Scrolls
 c - a scroll of fog
 d - a scroll of revelation
 e - 2 scrolls of fear
 h - a scroll of amnesia {unknown}


   Skills:
 - Level 2.6 Fighting
 + Level 2.5 Short Blades
 - Level 1.5 Dodging
 - Level 6.0 Stealth


You had one spell level left.
You didn't know any spells.
Your spell library contained the following spells:

 Spells                   Type           Power      Damage    Failure   Level
 Ozocubu's Armour         Ice            0%         N/A       82%         3
 Metabolic Englaciation   Hex/Ice        0%         N/A       100%        5
 Simulacrum               Ice/Necr       0%         N/A       100%        6


Dungeon Overview and Level Annotations

Branches:
Dungeon (6/15)
 Temple: D:4-7

Altars:

Annotations:
D:6 exclusion: upstairs


Innate Abilities, Weirdness & Mutations

You have extremely sharp teeth.
When hurt, damage is shared between your health and your magic reserves.
Your bite disrupts and absorbs the magic of your enemies.
Potions cannot restore your health.


Message History

You open the door.
Found 6 poisoned darts.
There is an open door here.
The sky beast flickers out of sight!
Deactivating autopickup; reactivate with Ctrl-A.
You open the door.
There is an open door here.
Found 9 gold pieces.
Found a longbow.
A sky beast appears from thin air!
Reactivating autopickup.
The sentinel's mark upon you fades away.
You open the door.
An adder comes into view.
The adder closely misses you.
There is an open door here.
Your extra speed is starting to run out.
The adder bites you.
An orc comes into view. It is wielding a +0 mace.
The orc hits you with a +0 mace.
You feel yourself slow down.
There is a stone staircase leading up here.
This staircase is marked as excluded!
The orc hits you with a +0 mace.
* * * LOW HITPOINT WARNING * * *
You climb upwards.
The hound bites you.
* * * LOW HITPOINT WARNING * * *
The adder bites you but does no damage. The hound bites you.
The adder bites you but does no damage.
There is a stone staircase leading down here.
You hit the orc. You bite the orc.
You kill the orc!
The hound bites you.
* * * LOW HITPOINT WARNING * * *
The adder bites you but does no damage. The hound bites you.
* * * LOW HITPOINT WARNING * * *
The adder closely misses you. The hound barely misses you.
You see here a +0 mace.
The adder barely misses you. The ogre misses you. The hound bites you.
You die...

............#......
..................#
#[........#......#
##........#......#
#.................
#.................
#................
#............
###@O#.........
#..hS..#.#....#
##.>w##### ..##
##### .# .. #


You could see an ogre, a hound, an adder and a dart slug.

Vanquished Creatures
  A white imp (D:6)
  An orc (D:5)
2 creatures vanquished.

Notes
Turn   | Place    | Note
-------+----------+-------------------------------------------
     0 | D:5      | GordonOverkill the Vine Stalker Delver began the quest for
                  | the Orb.
     0 | D:5      | Reached XP level 1. HP: 11/11 MP: 2/2
     5 | D:5      | Noticed an ogre
     6 | D:5      | Noticed a hound
    15 | D:6      | Reached XP level 2. HP: 16/16 MP: 3/3
    54 | D:6      | Noticed a steam dragon
   133 | D:6      | Noticed a sky beast
   184 | D:5      | Slain by a hound

Illustrated notes

Levels and vault maps discovered:
D:5:      layout_cave_pools, grunt_temple_overflow_opulence, pf_just_have_faith,
          mainiacjoe_overflow_brackets, general_overflow_altar, serial_shops,
          shop, nicolae_houndstooth_variations
D:6:      layout_gridville

Skill      XL: |  1 |
---------------+----+-----
Short Blades   | 2 |  2.5
Fighting       | |  2.6
Dodging        | |  1.5
Stealth        | |  6.0

Action                     || total
---------------------------++-------
  Melee: Short sword       ||     2
         Bite              ||     1
    Use: Potion            ||     1
   Stab: Sleeping          ||     1
 Armour: Leather armour    ||     5
  Dodge: Dodged            ||     5

Table legend: (Time is in decaauts)
 A = Elapsed time spent in this place.
 B = Non-inter-level travel time spent in this place.
 C = Inter-level travel time spent in this place.
 D = Time resting spent in this place.
 E = Time spent auto-exploring this place.
 F = Levels seen in this place.
 G = Mean time per level.
                   A        B        C        D        E       F      G
               +--------+--------+--------+--------+--------+-----+--------+
         Total |    171 |    142 |     29 |      0 |      0 |   2 |   85.5 |
       Dungeon |    171 |    142 |     29 |      0 |      0 |   2 |   85.5 |
               +--------+--------+--------+--------+--------+-----+--------+

Top non-repeatable levels by time:
     D:6: 155 daAuts
     D:5: 15 daAuts
